Cogmind - Beta 15 @@@ ROGUE MODE // 2025.05.23 @ 23:10:32 Player: nado Result: Destroyed by L-31 Rogue with Katana Performance ------------- Evolutions (1) 500 Regions Visited (2) 400 Robots Destroyed (75) 375 Value Destroyed (2098) 2098 Prototype IDs (1) 20 Alien Tech Used (0) 0 Bonus (111) 111 TOTAL SCORE: 3504 Bonus ------- High Alert Combat Kills 111 Cogmind --------- Core Integrity 0/400 Matter 261/300 Energy 120/160 System Corruption 0% Temperature Cool (0) Movement Treading (240) Ox1 Location -9/Materials Parts ------- > --- POWER (1) -------- Light Nuclear Core > --- PROPULSION (3) --- Light Treads Light Treads Light Treads > --- UTILITY (2) ------ Huge Storage Unit > --- WEAPON (3) ------- Small Laser Plasma Cutter > --- INVENTORY (25) --- Light Nuclear Core Light Treads Light Treads Light Treads Improved Heat Sink Improved Heat Sink Disposable Heat Sink Huge Storage Unit Large Battery (200) High-capacity Matter Pod (200) Improved Terrain Scanner Seismic Detector Light Armor Plating Light Armor Plating Light Armor Plating Medium Armor Plating Tractor Beam Mini Grenade Launcher Peak State ------------ > --- POWER ------------ Light Nuclear Core > --- PROPULSION ------- Light Treads Light Treads Light Treads > --- UTILITY ---------- Huge Storage Unit Hardened Light Armor Plating > --- WEAPON ----------- Advanced Beam Cannon Heavy Assault Rifle Autogun > --- INVENTORY -------- Light Nuclear Core Light Nuclear Core Light Treads Light Treads Light Treads Light Treads Light Treads Light Treads Light Treads Light Treads Heat Sink Improved Heat Sink Disposable Heat Sink Huge Storage Unit Large Battery High-capacity Matter Pod Improved Terrain Scanner Seismic Detector Light Armor Plating Light Armor Plating Light Armor Plating Tractor Beam Advanced Beam Cannon Mini Grenade Launcher Plasma Cutter [Rating: 19] Favorites ----------- Power Ion Engine Engine Ion Engine Power Core Light Nuclear Core Propulsion Aluminum Leg Treads Light Treads Leg Aluminum Leg Utility Huge Storage Unit Storage Huge Storage Unit Protection Hardened Light Armor Plating Weapon Assault Rifle Energy Gun Particle Gun Energy Cannon Advanced Beam Cannon Ballistic Gun Assault Rifle Ballistic Cannon Light Cannon Special Weapon Plasma Cutter Build | -11 -10 -9 ------- Run | Yrd Mat Mat Slots Evolved 2 | . . 2 Power . | . . . Propulsion 1 | . . 1 Utility . | . . . Weapon 1 | . . 1 Parts Attached 43 | . 9 34 Power 7 | . 2 5 Engine 5 | . 2 3 Core 2 | . . 2 Reactor . | . . . Propulsion 18 | . 3 15 Treads 9 | . . 9 Leg 9 | . 3 6 Wheel . | . . . Hover . | . . . Flight . | . . . Utility 5 | . 2 3 Device . | . . . Storage 2 | . 1 1 Processor . | . . . Hackware . | . . . Protection 3 | . 1 2 Artifact . | . . . Weapon 13 | . 2 11 Energy Gun 4 | . . 4 Energy Cannon 3 | . . 3 Ballistic Gun 4 | . 2 2 Ballistic Cannon 1 | . . 1 Launcher . | . . . Special Weapon 1 | . . 1 Impact Weapon . | . . . Slashing Weapon . | . . . Piercing Weapon . | . . . Special Melee Weapon . | . . . Unidentified Prototypes 1 | . . 1 Parts Lost 19 | . 6 13 Power 4 | . 2 2 Propulsion 6 | . 2 4 Utility 2 | . . 2 Weapon 7 | . 2 5 Highest Loss Streak 6 | . 5 6 To Critical Strikes . | . . . Average Backups 20 | 6 15 23 Power 1 | 1 1 1 Propulsion 6 | 4 4 7 Utility 10 | . 6 11 Weapon 1 | 1 2 1 Tool/Special . | . . . Unused Backups 38 | 7 7 24 Power 3 | 1 1 1 Propulsion 11 | 3 2 6 Utility 18 | 1 1 16 Weapon 6 | 2 3 1 Tool/Special . | . . . Average Slot Usage (%) 94 | . 87 97 Engine 10 | . 12 9 Treads 8 | . . 12 Leg 22 | . 27 19 Storage 11 | . 14 11 Protection 8 | . 4 10 Energy Gun 3 | . . 4 Energy Cannon 3 | . . 5 Ballistic Gun 23 | . 27 20 Peak Build Rating 19 | 7 9 19 Average Rating 12 | 6 7 15 On Entrance 7 | 6 7 9 Naked Turns . | . . . Heaviest Build 101 | 10 50 101 Greatest Support 60 | 20 20 60 Greatest Overweight (x) 4 | . 4 4 Average Overweight (x) 1 | . 2 1 Largest Inventory Capacity 25 | 8 20 25 Average Capacity 22 | 8 19 24 Most Carried 25 | 8 20 25 Average Carried 20 | 6 15 23 Final Capacity 25 | 8 20 25 Final Carried 20 | 8 20 18 Class Distribution -------------------- 44% | Scavenger-Tank 34% | Mutant 16% | Tank 4% | Scavenger-Mutant Dominant Class ---------------- Mutant | -10/Materials Scavenger-Tank | -9/Materials Resources | -11 -10 -9 ----------- Run | Yrd Mat Mat Matter Collected 1683 | 210 564 909 Remotely . | . . . Salvage Created 2984 | 115 850 2019 Parts 180 | 7 66 107 Haulers Intercepted 4 | . 2 2 Recyclers Shooed 4 | . 2 2 Parts Field Recycled . | . . . Retrieved Matter . | . . . Parts Self-Destructed . | . . . Prevented . | . . . Kills | -11 -10 -9 ------- Run | Yrd Mat Mat Combat Hostiles Destroyed 58 | . 18 40 Guns 40 | . 17 23 Cannons 14 | . . 14 AOE 4 | . 1 3 Classes Destroyed 11 | 2 4 5 Worker 1 | . . 1 Builder 4 | . 3 1 Tunneler 2 | 1 1 . Hauler 4 | . 2 2 Recycler 5 | 1 1 3 Operator 1 | . . 1 Swarmer 9 | . 6 3 Grunt 40 | . 12 28 Brawler 1 | . . 1 Duelist 1 | . . 1 Sentry 7 | . . 7 Best Kill Streak 7 | 2 7 4 Combat Bots Only 4 | . 4 3 Max Kills in Single Turn 5 | 1 5 4 Gunslinging . | . . . Exploded 3 | . 1 3 Melee . | . . . Uniques/NPCs Destroyed . | . . . Combat | -11 -10 -9 -------- Run | Yrd Mat Mat Hostile Shots Fired 336 | . 124 212 Missed 81 | . 30 51 Hits 255 | . 94 161 Melee 19 | . . 19 Projectile 236 | . 94 142 Critical Strikes 7 | . 1 6 Part Disruptions 3 | . 3 . Actively Blocked 1 | . 1 . Damage Taken 3402 | . 1037 2365 Core 647 | . 242 405 Absorbed by Shields . | . . . Redirected to Shielding 19 | . 19 . Regen/Repaired (Parts) 82 | . . 82 Core Remaining (%) 51 | 100 3 . Volleys Fired 186 | 5 75 106 Largest 3 | 2 2 3 Hottest 159 | 40 40 159 Shots Fired 448 | 10 149 289 Gun 366 | 10 149 207 Cannon 65 | . . 65 Launcher . | . . . Special 17 | . . 17 Kinetic 351 | 10 149 192 Thermal 97 | . . 97 Explosive . | . . . Electromagnetic . | . . . Robot Hit Streak 12 | 3 11 12 Robot Miss Streak 5 | 2 5 5 Penetration Max . | . . . Secondary Targets 3 | . 2 1 Max Gunslinging Chain 1 | . 1 1 Shots Hit Robots 270 | 6 97 167 Core Hits 130 | 4 55 71 Critical Kills 1 | . . 1 Critical Parts Destroyed 2 | . 1 1 Critical Strikes 4 | . 1 3 Burn 1 | . . 1 Destroy 3 | . 1 2 Melee Attacks . | . . . Impact . | . . . Slashing . | . . . Piercing . | . . . Sneak Attacks . | . . . Combat Hostiles . | . . . Follow-up Attacks . | . . . Damage Inflicted 4307 | 54 1094 3159 Guns 2683 | 54 847 1782 Cannons 791 | . . 791 Explosions 679 | . 227 452 Melee . | . . . Ramming 86 | . 20 66 Kinetic 2485 | 54 847 1584 Thermal 1057 | . . 1057 Explosive 452 | . . 452 Electromagnetic 227 | . 227 . Impact . | . . . Slashing . | . . . Piercing . | . . . Highest Corruption 1 | . 1 . Average Corruption 1 | . 1 . Corruption Purged . | . . . Corruption Blocked . | . . . Effects 5 | . 5 . Message Errors 2 | . 2 . Heat Flow Errors 2 | . 2 . Data Loss (minor) 1 | . 1 . Overload Shots . | . . . Overflow Damage 6 | . 6 . Projectiles . | . . . Explosions 6 | . 6 . Melee . | . . . Knockbacks 1 | . . 1 Impact . | . . . Kinetic 1 | . . 1 Secondary . | . . . Self-Inflicted Damage 114 | . 114 . Shots 3 | . 3 . Rammed 5 | . . 5 Targets Rammed 15 | . 5 10 Kicked 10 | . 5 5 Crushed . | . . . Highest Temperature 509 | . 262 509 Average Temperature 113 | . 47 119 Received Heat Transfer 1140 | . 321 819 Effects 4 | . . 4 Short Circuit 1 | . . 1 Damage (major) 3 | . . 3 Siege Activations . | . . . Martial Activations . | . . . Shielding Activations . | . . . Robots Disrupted 2 | . 2 . Combat Hostiles 1 | . 1 . Robots Corrupted . | . . . Combat Hostiles . | . . . Parts Fried . | . . . Impact Corruptions . | . . . Robots Melted . | . . . Combat Hostiles . | . . . Parts Melted 4 | . . 4 Heat Transferred 2296 | . . 2296 Parts Sabotaged . | . . . Parts Stolen . | . . . Parts Stripped . | . . . Power Chain Reactions 1 | . 1 . Alert | -11 -10 -9 ------- Run | Yrd Mat Mat Maximum Alert Level 2 | . . 2 Low Security (%) 57 | 100 100 35 Level 1 32 | . . 48 Level 2 10 | . . 15 Level 3 . | . . . Level 4 . | . . . Level 5 . | . . . High Security . | . . . Max Security . | . . . Peak Influence 572 | 10 155 572 Initial 57 | . . 57 Average 174 | 2 47 240 Influence Increases 1839 | 10 546 1283 Destroy 0b10 Robot/C 1160 | . 360 800 Destroy 0b10 Robot/NC 85 | 10 35 40 Destroy Leader 268 | . 84 184 Successful Hack 46 | . . 46 Select Force Hacks 90 | . 30 60 Disable Machine 105 | . 30 75 Destroy Structure 25 | . 7 18 Lose Combat Pursuer 60 | . . 60 Influence Decreases 1310 | 10 409 891 Entered New Map 80 | . . 80 Time Decay 914 | 10 359 545 Lost Part 166 | . 50 116 Purge Threat 150 | . . 150 Squads Dispatched 12 | . 7 5 Investigation 7 | . 4 3 Extermination . | . . . Reinforcement 4 | . 3 1 Assault 1 | . . 1 Garrison . | . . . Intercept . | . . . Searches Triggered . | . . . Construction Impeded . | . . . Haulers Reinforced . | . . . Active Scanning Responses . | . . . Cargo Convoy Interrupts . | . . . Stealth | -11 -10 -9 --------- Run | Yrd Mat Mat Distress Signals 5 | . 2 3 Communications Jammed . | . . . Distress Signals . | . . . Times Spotted 92 | . 32 60 Peak Tracking Total 7 | . 6 7 Tactical Retreats 2 | . . 2 Traps | -11 -10 -9 ------- Run | Yrd Mat Mat Traps Triggered 4 | . 3 1 Indirectly . | . . . Trap Hack Attempts . | . . . Triggered . | . . . Disarmed . | . . . Reprogrammed 6 | . . 6 Reused . | . . . Traps Extracted . | . . . Installed . | . . . Triggered . | . . . Machines | -11 -10 -9 ---------- Run | Yrd Mat Mat Machines Disabled 7 | . 2 5 Max in Single Turn 4 | . 2 4 Machines Repaired . | . . . Machines Dismantled . | . . . Machines Sabotaged . | . . . Overloaded Fab Kills . | . . . Hacking | -11 -10 -9 --------- Run | Yrd Mat Mat Machines Accessed 14 | . 2 12 Terminals 9 | . 1 8 Fabricators . | . . . Repair Stations 1 | . . 1 Recycling Units 3 | . 1 2 Scanalyzers 1 | . . 1 Garrison Access . | . . . Total Hacks 36 | . 3 33 Successful 20 | . 2 18 Failed 15 | . 1 14 Catastrophic 2 | . 1 1 Database Lockouts 1 | . . 1 Manual 27 | . 3 24 Terminals 26 | . 2 24 Fabricators . | . . . Repair Stations 3 | . . 3 Recycling Units 4 | . 1 3 Scanalyzers 3 | . . 3 Garrison Access . | . . . Terminal Hacks 5 | . . 5 Part Schematic 1 | . . 1 Branch Access Points 1 | . . 1 Alert Level 1 | . . 1 Unreport Threat 1 | . . 1 Reprogram Traps 1 | . . 1 Fabricator Hacks . | . . . Repair Station Hacks 3 | . . 3 Scan Component 2 | . . 2 Repair 1 | . . 1 Recycling Unit Hacks . | . . . Scanalyzer 1 | . . 1 Insert Component 1 | . . 1 Garrison Access Hacks . | . . . Unauthorized Hacks 11 | . 2 9 Terminals 8 | . 1 7 Skim 8 | . 1 7 Fabricators . | . . . Repair Stations . | . . . Recycling Units 3 | . 1 2 Tunnel 3 | . 1 2 Scanalyzers . | . . . Garrison Access . | . . . Data Cores Recovered 1 | . . 1 Used . | . . . Hacking Detections 9 | . 1 8 Full Trace Events 2 | . . 2 Feedback Events . | . . . Feedback Blocked . | . . . Robot Schematics Acquired . | . . . Robots Built . | . . . Authchips . | . . . Time . | . . . Total Robot Build Rating . | . . . Part Schematics Acquired 1 | . . 1 Parts Built . | . . . Authchips . | . . . Time . | . . . Total Part Build Rating . | . . . Parts Repaired 1 | . . 1 Time 26 | . . 26 Parts Recycled . | . . . Recycled Matter . | . . . Retrieved Matter . | . . . Retrieved Components . | . . . Parts Scanalyzed 1 | . . 1 Part Schematics Acquired . | . . . Parts Damaged . | . . . Bothacking | -11 -10 -9 ------------ Run | Yrd Mat Mat Used RIF Installer . | . . . Robots Hacked . | . . . Non-combat . | . . . Combat . | . . . Robot Hacks Applied . | . . . Relay Couplers Released . | . . . Fabnet Peak Effective % . | . . . Robots Rewired . | . . . Allies Hacked . | . . . Hacks Repelled . | . . . Allies | -11 -10 -9 -------- Run | Yrd Mat Mat Total Allies . | . . . Largest Group . | . . . Highest-Rated Group . | . . . Highest-Rated Ally . | . . . Total Orders . | . . . Ally Attacks . | . . . Total Damage . | . . . Kills . | . . . Allies Corrupted . | . . . Allies Melted . | . . . Intel | -11 -10 -9 ------- Run | Yrd Mat Mat Active Infowar (turns) . | . . . Robot Analysis Total . | . . . Derelict Logs Recovered . | . . . Drone Launches . | . . . Drone Recoveries . | . . . Exploration | -11 -10 -9 ------------- Run | Yrd Mat Mat Turns Passed 5725 | 49 1889 3787 Spaces Moved 1552 | 28 446 1078 Core . | . . . Treads 412 | . . 412 Legs 1140 | 28 446 666 Wheels . | . . . Hover . | . . . Flight . | . . . Fastest Speed 120 | 120 120 190 Average Speed 272 | 120 269 278 Slowest Speed 480 | 120 400 480 Overloaded Moves . | . . . Propulsion Burnouts . | . . . Robots Hopped . | . . . Potential Cave-ins . | . . . Cave-ins Triggered . | . . . Exploration Rate (%) 43 | 3 61 65 Regions Visited 2 Branch Regions . Pre-discovered Areas 9 | . 1 8 Known Exits Taken . | . . . Unknown Exits Taken 2 | 1 1 . Scrap Searched . | . . . Spaces Dug . | . . . Terrain Destroyed 13 | . 3 10 Melee . | . . . Projectile . | . . . AOE 13 | . 3 10 Terrain Rammed . | . . . Walls Destroyed . | . . . Machines Disabled . | . . . Actions | -11 -10 -9 --------- Run | Yrd Mat Mat Total 2658 | 36 998 1624 Wait 791 | . 446 345 Move 1550 | 27 445 1078 Hop . | . . . Pick Up 37 | 3 15 19 Fast Attach 19 | . 5 14 Attach 18 | . 3 15 Detach 2 | . 1 1 Swap 10 | . 1 9 Drop 29 | 1 2 26 Fire 186 | 5 75 106 Melee . | . . . Ram . | . . . Kick 10 | . 5 5 Crush 5 | . . 5 Escape Stasis . | . . . Rewire . | . . . Trap . | . . . Miscellaneous 1 | . . 1 Route ------- -11/Scrapyard -10/Materials (discovered 2 exits: *Mat / [*Min]) -9/Materials (discovered 5 exits: *Mat x2 / *Min x2 / *Sto) History --------- Turn | Location | Event 1 | -11/Scrapyard | Discovered new exit (range 3) 50 | -11/Scrapyard | Entered Materials 311 | -10/Materials | Build established: Mutant 1236 | -10/Materials | Discovered new exit (range 6) 1480 | -10/Materials | Core integrity fell below 50% 1520 | -10/Materials | Lost 5 parts (1p2n2w) 1643 | -10/Materials | Core integrity fell below 20% 1678 | -10/Materials | Discovered new exit (range 16) 1939 | -10/Materials | Entered another Materials area 1939 | -9/Materials | Evolved 2 slots: Propulsion x1, Weapon x1 2245 | -9/Materials | Build established: Tank 2613 | -9/Materials | Repaired Assault Rifle 2628 | -9/Materials | Discovered new exit (range 11) 2630 | -9/Materials | Identified exit to Mines 2630 | -9/Materials | Identified exit to Storage 2913 | -9/Materials | Build established: Scavenger-Tank 3059 | -9/Materials | Lost 4 parts (1p1u2w) 3206 | -9/Materials | Central database locked down 3695 | -9/Materials | Learned location of Storage (-9) 3710 | -9/Materials | Discovered new exit (range 12) 3760 | -9/Materials | Learned location of 1 exit from Recycling 3777 | -9/Materials | Learned 2 Storage zone layouts 3782 | -9/Materials | Learned location of Zion (-7) 3783 | -9/Materials | Identified exit to Materials 3785 | -9/Materials | Learned 2 Materials zone layouts 3829 | -9/Materials | Learned Storage emergency access door positions 4781 | -9/Materials | Core integrity fell below 50% 5484 | -9/Materials | Build established: Tank 5539 | -9/Materials | First assault squad dispatched 5722 | -9/Materials | Core integrity fell below 20% 5726 | -9/Materials | Destroyed by L-31 Rogue with Katana Last Messages --------------- 05668_ Imp. Heat Sink melted. 05668_ G-47 Trooper destroyed. 05672_ Ion Engine destroyed. 05676_ Overheating: Adv. Beam Cannon damaged (-61). 05676_ Overheating: Lgt. Treads damaged (-61). 05676_ Overheating: Adv. Beam Cannon damaged (-34). 05676_ Katana melted. 05676_ L-31 Rogue destroyed. 05678_ Adv. Beam Cannon severed. 05678_ Adv. Beam Cannon crushed and broken. 05679_ Adv. Beam Cannon broken. 05679_ Overheating: Short circuit. 05680_ Hrd. Light Armor Plating destroyed. 05695_ Acquired Sml. Laser. 05699_ Broken Adv. Beam Cannon destroyed. 05701_ Lgt. Treads severed. 05706_ Lgt. Treads crushed and broken. 05711_ Slammed into L-31 Rogue. 05716_ Lgt. Treads destroyed. 05725_ Slammed into L-31 Rogue. Map ----- +----------------------------------------------------+ | ## = ! #??# #????# #?????????? | | # #??# #?????# #??????????? | | # !#??# ######## ##??????????? | | " # #??# #???????????? | | ########??#### ##### #???????????? | | #????????????# #???# ########????? | | #########????##+##### # #????? | | # #????# # # #????? | | #????????????# """ =# # #????? | | +????????????# """ + + #????? | | #????????????# """ # # #????? | | #????????????# """ # # #????? | | #????????????# # *!#####+##????? | | #???????#############*!*#= = #????? | | #???????+ [= =/ [ #????? | | #???????# =** #""" #????? | | +????? + *!==*#""" #????? | | ????????#####/#####+####*#""" ]#????? | | ??????????????????# ???#%# #????? | | ??????????????????# ????#[########????? | | ??????????????????# ????#%#???????????? | | ??????????????????#?????#=#???????????? | | ????????????????????????#*#???????????? | | ????????????????????????#=#???????????? | | ????????????????????????#=#???????????? | | ????????????????????????#@#???????????? | | ????????????????????????#l#???????????? | | ????????????????????????#=#???????????? | | ????????????????????????#a#???????????? | | ????????????????????????#[############? | | ????????????????????????#*##!!! #? | | ????????????????????????#%##!!! #? | | ?????????????############%##!! #? | | ?????????????# # ! # #? | | ?????????????# # + """ """ #? | | ?????????????# !| # # """ """??? | | ?????????????# !| # ### ##%""" ""???? | | ?????????????# =# #?# ## ???? | | ?????######### =!# #?# ####+# ##???? | | ?????# # !%# #?# #??? ###????? | | ?????# # [[+ ###+#######?????? | | ?????# # *# # #?????? | | ?????# ###### # #?????? | | ?????# # # #?????? | | ?????# ]] + # #?????? | | ?????# ]] # / #?????? | | ?????# ###+## # #?????? | | ?????# ## # # #?????? | | ?????# ## # # #?????? | | ?????# ## # ###########?????? | +----------------------------------------------------+ Best States ------------- Heat Dissipation 28 Energy Generation 14 Energy Capacity 250 Matter Stores 300 Matter Capacity 300 Sight Range 16 Terrain Scan Density 10 Armor Coverage 150 Power Shielding 33 Evasion (%) 55 Recoil Reduction 3 Item Schematics ----------------- Huge Storage Unit | -9/Materials | Hacked Robot Schematics ------------------ None Fabricated ------------ Nothing Repaired ---------- Assault Rifle | 18% | -9/Materials Alien Tech Used ----------------- None Achievements -------------- None Challenges ------------ None Game ------ Seed MediumTransmissionBooster Manual? 0 Play Time 00:37:17 Cumulative 141.3 hours Start 2025.05.23 @ 22:10:20 End 2025.05.23 @ 23:10:32 Sessions 1 Manual Loads 0 Difficulty Rogue Special Mode None Game No. 72 Rogue 72 Adventurer 0 Explorer 0 Win Type - Total 4 Types 3/0/1/0/0/0/0/0/0/0 Lore% 48 Gallery% 41 Achievement% 44 Wizard Run 0 Options --------- Layout 0 ASCII 0 Keyboard 1 Movement Vi Keybinds 0 Fullscreen 2 Font 24/Terminus Map View 76x50 Zoom Use 0% Tactical HUD 1 Map Filters NONE Filters NONE Steam 1 RUN: f82ddb9b-bbd3-479e-870b-52787a237575